 Dungeon Crawl Stone Soup version 0.20.0-3-g22ec75f (webtiles) character file.

68 Kosschaser the Shield-Bearer (level 4, 0/29 HPs)
             Began as a Gargoyle Fighter on May 27, 2017.
             Slain by Grinder (3 damage)
             ... while paralysed by Grinder
             ... on level 3 of the Dungeon.
             The game lasted 00:04:33 (2238 turns).

Kosschaser the Shield-Bearer (Gargoyle Fighter)     Turns: 2238, Time: 00:04:33

Health: 0/29       AC: 10    Str: 21    XL:     4   Next: 19%
Magic:  4/4        EV:  2    Int:  8    God:
Gold:   83         SH:  0    Dex: 13    Spells: 3/3 levels left

rFire    . . .     SeeInvis .   a - +0 flail
rCold    . . .     Gourm    .   c - +0 shield
rNeg     + . .     Faith    .   b - +0 scale mail
rPois    ∞         Spirit   .   (no helmet)
rElec    +         Reflect  .   (no cloak)
rCorr    .         Harm     .   (no gloves)
MR       .....                  (no boots)
Stlth    ..........             (no amulet)
Regen    0.1/turn               j - +4 ring of dexterity
MPRegen  0.1/turn               (no ring)

@: paralysed
A: negative energy resistance 1, electricity resistance, unbreathing,
petrification resistance, rot immunity, AC +3
a: no special abilities


You were on level 3 of the Dungeon.
You were not hungry.

You visited 1 branch of the dungeon, and saw 3 of its levels.

You collected 83 gold pieces.

Inventory:

Hand Weapons
 a - a +0 flail (weapon)
Armour
 b - a +0 scale mail (worn)
 c - a +0 shield (worn)
Jewellery
 j - a +4 ring of dexterity (left hand)
 l - an uncursed ring of ice
 n - a cursed ring of teleportation {unknown}
Scrolls
 e - a scroll of teleportation {unknown}
 g - a scroll of enchant armour {unknown}
 i - 5 scrolls of identify {unknown}
 o - a scroll of remove curse {unknown}
 r - a scroll of recharging {unknown}
 s - a scroll of magic mapping {unknown}
 v - a scroll of enchant weapon {unknown}
 w - 2 scrolls of noise {unknown}
Potions
 d - a potion of might
 h - a potion of magic {unknown}
 k - 3 potions of curing {unknown}
 m - a potion of degeneration {unknown}
 p - a potion of lignification {unknown}
 q - 2 potions of brilliance {unknown}
 u - a potion of heal wounds {unknown}
Comestibles
 f - a bread ration
 t - a meat ration
 x - a royal jelly
 z - a fruit


   Skills:
 + Level 3.7 Fighting
 + Level 2.5 Maces & Flails
 + Level 3.8 Armour
 + Level 0.7 Dodging
 + Level 4.0 Shields


You had 3 spell levels left.
You didn't know any spells.

Dungeon Overview and Level Annotations

Branches:
Dungeon (3/15)

Altars:
Elyvilon
Ru
Uskayaw

Annotations:
D:3 Grinder


Innate Abilities, Weirdness & Mutations

You are resistant to torment.
Your stone body is resilient. (AC +3)
You are immune to poison.
You resist negative energy. (rN+)
You are resistant to electric shocks. (rElec)
You can survive without breathing.
You are immune to petrification.
You are immune to rotting.


Message History

Grinder hits you.
Your shield and scale mail prevent you from hitting Grinder.
Grinder is almost dead.
Grinder says, "Wait up."
Grinder hits you. You block Grinder's attack.
You closely miss Grinder.
Grinder is severely wounded.
Grinder gestures at you.
You suddenly lose the ability to move!
Grinder hits you. x2
* * * LOW HITPOINT WARNING * * *
You writhe in agony.
* * * LOW HITPOINT WARNING * * *
Grinder hits you.
* * * LOW HITPOINT WARNING * * *
You writhe in agony.
* * * LOW HITPOINT WARNING * * *
Grinder hits you but does no damage. Grinder hits you.
You die...

.# #####.#
.....##
#.....#
#.....####
#........ ##
#..5..# .
#..@..# .#
##....# ..#
####.##.##..#
............#
####........#
#..#.##..#
######(######
#...........#
#.####†####.#


You could see Grinder.

Vanquished Creatures
  An adder (D:2)
  An ooze (D:3)
  A dart slug (D:3)
  3 leopard geckos
  A giant cockroach (D:1)
  8 goblins
  4 hobgoblins
  8 jackals (D:1)
  2 bats (D:1)
  4 frilled lizards
  7 kobolds
  7 rats
47 creatures vanquished.

Vanquished Creatures (others)
  4 toadstools (D:1)
4 creatures vanquished.

Grand Total: 51 creatures vanquished

Notes
Turn   | Place    | Note
-------+----------+-------------------------------------------
     0 | D:1      | Kosschaser the Gargoyle Fighter began the quest for the Orb.
     0 | D:1      | Reached XP level 1. HP: 14/14 MP: 1/1
    59 | D:1      | Reached XP level 2. HP: 4/19 MP: 2/2
   753 | D:1      | Reached XP level 3. HP: 23/23 MP: 3/3
  1158 | D:2      | Found a white marble altar of Elyvilon.
  1184 | D:2      | Found a hide-covered altar of Uskayaw.
  2161 | D:3      | Reached XP level 4. HP: 29/29 MP: 4/4
  2171 | D:3      | Found a sacrificial altar of Ru.
  2204 | D:3      | Noticed Grinder
  2206 | D:3      | Reached skill level 4 in Shields
  2221 | D:3      | Paralysed by Grinder for 3 turns
  2233 | D:3      | Paralysed by Grinder for 7 turns
  2238 | D:3      | Slain by Grinder

Skill      XL: |  1  2  3  4 |
---------------+-------------+-----
Shields        | 4 |  4.0
Fighting       | |  3.7
Maces & Flails | |  2.5
Armour         | |  3.8
Dodging        | |  0.7

Action                   |  1- 3 |  4- 6 || total
-------------------------+-------+-------++-------
Melee: Flail             |   169 |    32 ||   201
  Eat: Chunk             |     2 |       ||     2
       Bread ration      |     1 |       ||     1
Armor: Scale mail        |   115 |    13 ||   128
Dodge: Dodged            |    74 |     4 ||    78
Block: Shield            |    97 |    10 ||   107
